 Dungeon Crawl Stone Soup version 0.19-a0-1626-g5215c36 (webtiles) character file.

149 AlphabetPasta the Chopper (level 5, -1/45 HPs)
             Began as a Minotaur Skald on Sept 18, 2016.
             Killed by nerve-wracking pain
             ... invoked by TheGoonsmith's ghost
              (12 damage)
             ... on level 4 of the Dungeon.
             The game lasted 00:11:29 (2033 turns).

AlphabetPasta the Chopper (Minotaur Skald)          Turns: 2033, Time: 00:11:29

Health: -1/45      AC:  7    Str: 16    XL:     5   Next: 9%
Magic:  6/6        EV: 12    Int:  9    God:
Gold:   94         SH:  0    Dex: 11    Spells: 2 memorised, 4 levels left

rFire  . . .     SeeInvis .     a - +0 hand axe
rCold  . . .     Gourm    .     b - +0 leather armour
rNeg   . . .     Faith    .     (no shield)
rPois  .         Spirit   .     (helmet restricted)
rElec  .         Dismiss  .     (no cloak)
rCorr  .         Reflect  .     s - +0 pair of gloves
MR     .....     Harm     .     g - +2 pair of boots
Stlth  +.........               (no amulet)
                                (no ring)
                                (no ring)

@: no status effects
A: retaliatory headbutt, horns 2
a: no special abilities


You were on level 4 of the Dungeon.
You were not hungry.

You visited 1 branch of the dungeon, and saw 4 of its levels.

You collected 94 gold pieces.

Inventory:

Hand Weapons
 a - a +0 hand axe (weapon)
Missiles
 h - 25 bolts
Armour
 b - a +0 leather armour (worn)
 g - a +2 pair of boots (worn)
 s - a +0 pair of gloves (worn)
Scrolls
 e - 4 scrolls of remove curse
 f - a scroll of teleportation
 i - 2 scrolls of identify
 k - a scroll of enchant armour {unknown}
 m - a scroll of enchant weapon {unknown}
 q - 2 scrolls of recharging {unknown}
 t - a scroll of fear {unknown}
Potions
 n - a potion of haste {unknown}
 p - a potion of resistance {unknown}
 v - a potion of degeneration {unknown}
Books
 c - a book of Battle

   Spells                             Type                      Level
   a - Infusion                       Charms                       1
   b - Shroud of Golubria             Charms/Translocation         2
   c - Song of Slaying                Charms                       2
   d - Spectral Weapon                Hexes/Charms                 3
   e - Regeneration                   Charms/Necromancy            3
Comestibles
 d - 3 bread rations
 o - a beef jerky
 u - 4 fruits
 w - a meat ration


   Skills:
 + Level 3.3 Fighting
 * Level 3.8 Axes
 + Level 2.2 Armour
 + Level 1.7 Dodging
 + Level 1.5 Spellcasting
 * Level 2.6 Charms
 + Level 0.5 Translocations


You had 4 spell levels left.
You knew the following spells:

 Your Spells              Type           Power        Failure   Level  Hunger
a - Infusion              Chrm           #...         14%         1    ##.....
b - Shroud of Golubria    Chrm/Tloc      #.........   34%         2    ###....


Dungeon Overview and Level Annotations

Branches:
Dungeon (4/15)
 Temple: D:4-7

Altars:

Portals:
Sewer: D:4

Annotations:
D:4 TheGoonsmith's ghost, novice DDNe


Innate Abilities, Weirdness & Mutations

You reflexively headbutt those who attack you in melee.
You have a pair of horns on your head.


Message History

TheGoonsmith's ghost casts a spell at you.
You barely resist. You barely miss the leopard gecko.
You hit TheGoonsmith's ghost but do no damage.
TheGoonsmith's ghost whispers, "Death is liberation."
TheGoonsmith's ghost hits you!
You closely miss the leopard gecko. You headbutt the leopard gecko.
You kill the leopard gecko!
You barely miss TheGoonsmith's ghost.
TheGoonsmith's ghost gestures at you while chanting.
Pain shoots through your body!
* * * LOW HITPOINT WARNING * * *
You slash the leopard gecko!
You kill the leopard gecko!
You closely miss TheGoonsmith's ghost.
TheGoonsmith's ghost barely misses you. x2
You enter the shallow water.
Moving in this stuff is going to be slow.
TheGoonsmith's ghost points at you and mumbles some strange words.
Pain shoots through your body!
You die...

#.##...........#
#.≈##.#####.##.#
#≈≈≈###.. ## #
##≈≈##...
#≈≈#≈.≈#
#.≈#≈≈≈#
#≈≈#≈.≈#
#≈≈#≈∩≈#
#≈≈#≈@≈#
#≈≈#W≈≈#
#≈≈..†## ##≈..##
#####


You could see TheGoonsmith's ghost.

Vanquished Creatures
  A gnoll (D:1)
  4 adders
  3 oozes
  An adder zombie (D:2)
  A worm (D:3)
  4 dart slugs
  6 leopard geckos
  2 orcs (D:3)
  2 ball pythons
  A bat skeleton (D:2)
  3 bat zombies (D:2)
  7 giant cockroaches
  3 goblins
  5 hobgoblins
  6 kobolds
  A ball python skeleton (D:2)
  A ball python zombie (D:2)
  4 bats
  8 frilled lizards
  2 quokka skeletons (D:2)
  9 rats
74 creatures vanquished.

Notes
Turn   | Place    | Note
-------+----------+-------------------------------------------
     0 | D:1      | AlphabetPasta the Minotaur Skald began the quest for the Orb.
     0 | D:1      | Reached XP level 1. HP: 18/18 MP: 1/1
    53 | D:1      | Reached XP level 2. HP: 24/25 MP: 0/3
    72 | D:1      | Learned a level 2 spell: Shroud of Golubria
   401 | D:1      | Reached XP level 3. HP: 18/31 MP: 1/4
   823 | D:2      | Reached XP level 4. HP: 30/38 MP: 0/5
   827 | D:2      | Learned a level 2 spell: Song of Slaying
  1921 | D:3      | Reached XP level 5. HP: 40/45 MP: 2/6
  1973 | D:4      | Noticed TheGoonsmith's ghost (novice DDNe)
  2023 | D:4      | Found a glowing drain.
  2033 | D:4      | Killed from afar by TheGoonsmith's ghost

Vault maps used:
D:1:      scummos_arrival_simple_crosswalls, minmay_tripent
D:2:      serial_undead, serial_undead_a, serial_undead_b, serial_undead_e,
          serial_undead_e, serial_undead_a, serial_undead_b, serial_undead_c,
          serial_undead_e
D:3:      minmay_diamond_boxcup
D:4:      gup_sewer_entry_pipe, grunt_ministairs_2, uniq_sigmund, uniq_grinder

Skill      XL: |  1  2  3 |
---------------+----------+-----
Fighting       | 3 |  3.3
Axes           | 3 |  3.8
Armour         | 2 |  2.2
Dodging        | |  1.7
Spellcasting   | |  1.5
Charms         | |  2.6
Translocations | |  0.5

Action                   |  1- 3 |  4- 6 || total
-------------------------+-------+-------++-------
Melee: Hand axe          |    93 |    80 ||   173
       Headbutt          |    14 |     9 ||    23
 Cast: Infusion          |     3 |     3 ||     6
  Use: Scroll            |       |     4 ||     4
       Potion            |       |     1 ||     1
  Eat: Chunk             |       |     4 ||     4
Armor: Leather armour    |    39 |    30 ||    69
Dodge: Dodged            |    65 |    40 ||   105
